 Dungeon Crawl Stone Soup version 0.27.0-1-g7a089689b8 (webtiles) character file.

Game seed: 752694375059752849

81 horus123 the Conjurer (level 4, -4/24 HPs)
             Began as a Deep Elf Conjurer on Aug 8, 2021.
             Splashed by Ijyb's acid (11 damage)
             ... on level 3 of the Dungeon.
             The game lasted 00:04:00 (2506 turns).

horus123 the Conjurer (Deep Elf Conjurer)           Turns: 2506, Time: 00:04:01

Health: -4/24      AC:  2    Str:  4    XL:     4   Next: 19%
Magic:  2/11       EV: 12    Int: 24    God:
Gold:   117        SH:  0    Dex: 13    Spells: 2/10 levels left

rFire    . . .     SeeInvis .   (no weapon)
rCold    . . .     Faith    .   (no shield)
rNeg     . . .     Spirit   .   a - +0 robe
rPois    .         Reflect  .   (no helmet)
rElec    .         Harm     .   (no cloak)
rCorr    .         Rampage  .   (no gloves)
Will     .....                  (no boots)
Stlth    ++........             (no amulet)
HPRegen  0.08/turn              (no ring)
MPRegen  0.12/turn              (no ring)

@: no status effects
A: no striking features
a: no special abilities


You were on level 3 of the Dungeon.
You visited 1 branch of the dungeon, and saw 3 of its levels.

You collected 117 gold pieces.

Inventory:

Armour
 a - a +0 robe (worn)
Scrolls
 c - a scroll of identify {unknown}
 f - a scroll of vulnerability {unknown}
Potions
 b - 6 potions of curing {unknown}
 d - a potion of heal wounds {unknown}
 e - a potion of brilliance {unknown}


   Skills:
 + Level 2.5 Dodging
 + Level 2.6 Stealth
 + Level 3.5 Spellcasting
 * Level 5.9 Conjurations
 + Level 0.5 Hexes


You had 2 spell levels left.
You knew the following spells:

 Your Spells              Type           Power      Damage    Failure   Level
a - Magic Dart            Conj           100%       1d8       1%          1
b - Searing Ray           Conj           64%        3d5       1%          2
c - Dazzling Flash        Conj/Hex       38%        N/A       9%          3
d - Slow                  Hex            7%         N/A       12%         2

Your spell library contained the following spells:

 Spells                   Type           Power      Damage    Failure   Level
 Confusing Touch          Hex            7%         N/A       24%         3
 Fulminant Prism          Conj/Hex       9%         3d7       26%         4
 Ozocubu's Armour         Ice            4%         N/A       30%         3
 Iskenderun's Mystic Bla  Conj/Tloc      18%        2d6       30%         4
 Yara's Violent Unravell  Hex/Tmut       2%         3d3       94%         5
 Ozocubu's Refrigeration  Ice            2%         4d5       100%        7


Dungeon Overview and Level Annotations

Branches:
Dungeon (3/15)

Altars:
Qazlal

Shops:
D:3 [

Annotations:
D:3 Ijyb


Message History

You kill the adder!
You have reached level 4!
You feel clever.
The magic dart hits the adder.
The adder is moderately wounded.
Ijyb shouts!
The magic dart hits the adder.
The adder is almost dead.
The magic dart hits the adder.
The adder is almost dead.
Ijyb drinks a potion.
Ijyb seems to speed up.
The adder bites you.
The magic dart hits the adder.
You kill the adder!
Ijyb zaps a wand.
The bolt of acid misses you.
Casting: Magic Dart (safe; 1% risk of failure)
Confirm with . or Enter, or press ? or * to list all spells.
You can't see any susceptible monsters within range! (Use Z to cast anyway.) Unknown command.
Casting: Magic Dart (safe; 1% risk of failure)
Confirm with . or Enter, or press ? or * to list all spells.
Aiming: Slow (safe; 12% risk of failure)
Press: ? - help, Shift-Dir - straight line, f - Ijyb
Aim: Ijyb, wielding a +0 dagger, wearing a +0 leather armour and carrying a wand of acid (10) (fast, chance to affect: 50%) Ijyb seems to slow down.
Casting: Slow (safe; 12% risk of failure)
Confirm with . or Enter, or press ? or * to list all spells.
You don't have enough magic to cast this spell.
Unknown command.
A kobold comes into view. It is wielding a +0 dagger.
Casting: Slow (safe; 12% risk of failure)
Confirm with . or Enter, or press ? or * to list all spells.
You don't have enough magic to cast this spell.
Unknown command.
Ijyb is no longer moving slowly.
Ijyb zaps a wand.
The bolt of acid misses you.
Ijyb zaps a wand.
The bolt of acid hits you!
Ouch! That really hurt!
* * * LOW HITPOINT WARNING * * *
You are splashed with acid!
You die...

#........# ###......?...#
#......†.# #.....†......#
#......<.# #.........=..#
#........# #.......†.....
#######.#######...........K#
#.##............##.#..
######.##..........#.# .# #
#......##....g.....#.# .
###.#######.@.....(..#..
#...)...........†........
#.>.....................
#......###.#####.#######
#......###.###.#.##########
#..........#...#..........#
###.##.........#..........#
#............#..........#
####.........#..........#


You could see Ijyb (fast).

Vanquished Creatures
  4 adders
  A dart slug (D:1)
  3 endoplasms
  2 giant cockroaches
  6 goblins
  2 hobgoblins
  4 quokkas
  4 ball pythons
  9 bats
  3 kobolds
  3 rats
41 creatures vanquished.

Notes
Turn   | Place    | Note
-------+----------+-------------------------------------------
     0 | D:1      | horus123 the Deep Elf Conjurer began the quest for the Orb.
     0 | D:1      | Reached XP level 1. HP: 10/10 MP: 6/6
   257 | D:1      | Reached XP level 2. HP: 15/15 MP: 6/8
   329 | D:1      | Learned a level 2 spell: Searing Ray
   527 | D:1      | Reached skill level 5 in Conjurations
  1155 | D:2      | Reached XP level 3. HP: 19/19 MP: 6/9
  1224 | D:2      | Learned a level 3 spell: Dazzling Flash
  1227 | D:2      | Learned a level 2 spell: Slow
  1626 | D:2      | Found a stormy altar of Qazlal.
  2487 | D:3      | Found Ohyseuc's Antique Armour Shoppe.
  2488 | D:3      | Noticed Ijyb
  2492 | D:3      | Reached XP level 4. HP: 24/24 MP: 6/11
  2506 | D:3      | Splashed by Ijyb's acid

Illustrated notes

Levels and vault maps discovered:
D:1:      dpeg_arrival_leaves_temple_mockup, layout_loops_corners
D:2:      layout_loops_ring, basic_altar, lightli_corner_chamber
D:3:      layout_basic, ebering_ecumenical_altar_mist, serial_shops, shop,
          minmay_circle_x, uniq_natasha, uniq_grinder, uniq_ijyb

Skill      XL: |  1  2 |
---------------+-------+-----
Conjurations   | 5 |  5.9
Dodging        | |  2.5
Stealth        | |  2.6
Spellcasting   | |  3.5
Hexes          | |  0.5

Action                   |  1- 3 |  4- 6 || total
-------------------------+-------+-------++-------
 Cast: Magic Dart        |    66 |     4 ||    70
       Slow              |    12 |     1 ||    13
       Searing Ray       |     1 |       ||     1
Armor: Robe              |     1 |       ||     1
Dodge: Dodged            |     2 |     2 ||     4
